 Dungeon Crawl Stone Soup version 0.24.0-37-gcf1ca852f1 (webtiles) character file.

Game seed: 10694691964412106161, levelgen mode: deterministic

23 Descartes the Grasshopper (level 2, 0/13 HPs)
             Began as a Felid Warper on Nov 27, 2019.
             Succumbed to an adder's poison
             ... on level 2 of the Dungeon.
             The game lasted 00:04:46 (1031 turns).

Descartes the Grasshopper (Felid Warper)            Turns: 1031, Time: 00:04:47

Health: 0/13       AC:  1    Str:  7    XL:     2   Next: 75%
Magic:  5/6        EV: 18    Int: 14    God:
Gold:   38         SH:  0    Dex: 15    Spells: 1/5 levels left
                                        Lives:  0   Deaths: 0

rFire    . . .     SeeInvis +     - Unarmed
rCold    . . .     Gourm    .   (shield unavailable)
rNeg     . . .     Faith    .   (armour unavailable)
rPois    .         Spirit   .   (helmet unavailable)
rElec    .         Reflect  .   (cloak unavailable)
rCorr    .         Harm     .   (gloves unavailable)
MR       .....                  (boots unavailable)
Stlth    ++........             (no amulet)
HPRegen  0.04/turn              (no ring)
MPRegen  0.10/turn              (no ring)

@: lethally poisoned (0 -> -6), quick
A: very small, no armour, no weapons or thrown items, stealth, claws 1, fangs 3,
see invisible, carnivore, speed 1, shaggy fur 1, slow metabolism 1, sharp paws
a: no special abilities


You were on level 2 of the Dungeon.
You were completely stuffed.

You visited 1 branch of the dungeon, and saw 2 of its levels.

You collected 38 gold pieces.

Inventory:

Missiles
 d - a stone
 h - 22 arrows
Scrolls
 b - a scroll of blinking
 e - a scroll of identify {unknown}
 f - a scroll of remove curse {unknown}
 i - a scroll of teleportation {unknown}
Potions
 a - a potion of resistance {unknown}
 g - 3 potions of magic {unknown}
 j - a potion of haste {unknown}
 k - 2 potions of invisibility {unknown}
 l - a potion of degeneration {unknown}
 m - a potion of curing {unknown}
Comestibles
 c - a ration


   Skills:
 + Level 2.2 Fighting
 + Level 3.4 Dodging
 * Level 1.9 Stealth
 * Level 2.4 Unarmed Combat
 + Level 2.1 Spellcasting
 - Level 4.4 Translocations


You had one spell level left.
You knew the following spells:

 Your Spells              Type           Power        Failure   Level  Hunger
a - Blink                 Tloc           N/A          6%          2    ###....
b - Shroud of Golubria    Chrm/Tloc      #.....       14%         2    ###....

Your spell library contained the following spells:

 Spells                   Type           Power        Failure   Level  Hunger
 Gell's Gravitas          Tloc           ##........   12%         3    ###....
 Lesser Beckoning         Tloc           ##........   12%         3    ###....
 Teleport Other           Tloc           ##......     12%         3    ###....
 Passage of Golubria      Tloc           N/A          36%         4    #####..


Dungeon Overview and Level Annotations

Branches:
Dungeon (2/15)

Altars:


Innate Abilities, Weirdness & Mutations

You cannot wear armour.
You are incapable of wielding weapons or throwing items.
Your paws allow you to move quietly. (Stealth)
You have sharp claws.
You have razor-sharp teeth.
You have supernaturally acute eyesight. (SInv)
You are carnivorous and can eat meat at any time.
You cover ground quickly.
You are covered in fur. (AC +1)
You have a slow metabolism.
Your sharp claws are effective at attacking unaware monsters.


Message History

You barely miss the adder.
The adder is severely wounded.
The adder barely misses you.
You miss the adder. You bite the adder.
The adder is almost dead.
The adder bites you.
* * * LOW HITPOINT WARNING * * *
You are lethally poisoned!
The adder poisons you!
You scratch the adder but do no damage.
The adder is almost dead.
* * * LOW HITPOINT WARNING * * *
You feel sick. The adder bites you.
* * * LOW HITPOINT WARNING * * *
You closely miss the adder.
The adder is almost dead.
The adder misses you. The adder closely misses you.
You barely miss the adder. You bite the adder.
The adder is almost dead.
You die...

###########
#.........#
#.........#
#.........#
#.........#+###
###.............#
#...............# ...
#....@#####.....#.....
#....S# #.....#.....
#.....# #....##.....
#.....# #....##.....
#.....# ####....#.##..
........
..............
#########
##.......###..
#..##.#.###..
#...........)


You could see an adder.

Vanquished Creatures
  A giant cockroach (D:1)
  2 goblins (D:1)
  2 hobgoblins (D:1)
  4 jackals (D:1)
  A quokka (D:2)
  3 bats (D:1)
  2 frilled lizards (D:1)
  3 kobolds (D:1)
  4 rats
22 creatures vanquished.

Notes
Turn   | Place    | Note
-------+----------+-------------------------------------------
     0 | D:1      | Descartes the Felid Warper began the quest for the Orb.
     0 | D:1      | Reached XP level 1. HP: 9/9 MP: 4/4
   262 | D:1      | Reached skill level 1 in Stealth
   307 | D:1      | Reached XP level 2. HP: 13/13 MP: 6/6
   593 | D:1      | Learned a level 2 spell: Blink
   596 | D:1      | Learned a level 2 spell: Shroud of Golubria
  1031 | D:2      | Succumbed to an adder's poison

Levels and vault maps discovered:
D:1:      lightli_arrival_statue_moat, layout_basic, minmay_small_reverse_x
D:2:      cheibrodos_greedy_goblins, layout_basic, minmay_splitting_lines

Skill      XL: |  1 |
---------------+----+-----
Stealth        | 1 |  1.9
Fighting       | |  2.2
Dodging        | |  3.4
Unarmed Combat | |  2.4
Spellcasting   | |  2.1
Translocations | |  4.4

Action                   || total
-------------------------++-------
Melee: Unarmed           ||    93
       Punch             ||     2
       Bite              ||     3
 Cast: Shroud of Golubri ||     1
 Stab: Sleeping          ||     1
       Distracted        ||     2
  Eat: Chunk             ||     8
Armor: Skin              ||     1
Dodge: Dodged            ||    72
